 Dungeon Crawl Stone Soup version 0.14-a0-102-g2341383 (console) character file.

126 Kellhus the Ruinous (level 4, 22/22 HPs)
             Began as a Gargoyle Wizard on Oct 2, 2013.
             Quit the game on Level 1 of the Dungeon.
             The game lasted 00:01:51 (1481 turns).

Kellhus the Ruinous (Gargoyle Wizard)               Turns: 1481, Time: 00:01:51

HP  22/22        AC  5     Str 11      XL: 4   Next:  0%
MP   9/11        EV 11     Int 19      God:
Gold 69          SH  0     Dex  8      Spells:  1 memorised,  8 levels left

Res.Fire  : . . .   See Invis. : .   (no weapon)
Res.Cold  : . . .   Warding    : .   a - +0 robe
Life Prot.: + . .   Conserve   : .   (no shield)
Res.Poison: +       Res.Corr.  : .   b - +0 wizard hat
Res.Elec. : +       Clarity    : .   (no cloak)
Sust.Abil.: . .     Spirit.Shd : .   (no gloves)
Res.Mut.  : .       Stasis     : .   (no boots)
Res.Rott. : +       Flight     : .   (no amulet)
Saprovore : . . .                    (no ring)
                                     (no ring)

@: slightly resistant to hostile enchantments, unstealthy
A: fangs 1, talons 2, life protection 1, electricity resistance, slow metabolism
1, unbreathing, petrification resistance, AC +3
a: no special abilities


You were on level 1 of the Dungeon.
You were not hungry.

You visited 1 branch of the dungeon, and saw 1 of its levels.

You collected 49 gold pieces.

Inventory:

Armour
 a - a +0 robe (worn)
 b - a +0 wizard hat (worn)
Comestibles
 d - a bread ration
Scrolls
 e - 2 scrolls of identify {unknown}
 f - a scroll of fear {unknown}
 g - a scroll of enchant armour {unknown}
 j - a scroll of amnesia {unknown}
Potions
 l - 2 potions of curing {unknown}
Books
 c - a book of Minor Magic

   Spells                             Type                      Level
   *Magic Dart                        Conjuration                  1
   Blink                              Translocation                2
   Call Imp                           Summoning                    2
   Repel Missiles                     Charms/Air                   2
   Slow                               Hexes                        2
   Conjure Flame                      Conjuration/Fire             3
   Mephitic Cloud                     Conjuration/Poison/Air       3


   Skills:
 - Level 1.5 Dodging
 - Level 2.1 Stealth
 - Level 3.0 Spellcasting
 + Level 4.1 Conjurations
   Level 0.8 Summonings
   Level 0.8 Translocations


You had 8 spell levels left.
You knew the following spells:

 Your Spells              Type           Power        Failure   Level  Hunger
a - Magic Dart            Conj           ###.         3%          1    None


Dungeon Overview and Level Annotations

Branches:
Dungeon (1/27)

Altars:


Innate Abilities, Weirdness & Mutations

You are resistant to torment.
You are immune to poison.
Your stone body is very resilient (AC +3).
You have very sharp teeth.
You have razor-sharp toenails.
You resist negative energy.
You are resistant to electric shocks.
You have a slow metabolism.
You can survive without breathing.
You are immune to petrification.


Message History

a whip; 3 darts All of the chunks of flesh in your inventory have completely rotted away.
Magic restored.
There is an open door here.
You see here a dwarven dagger.
HP restored.
You see here a bat skeleton.
A goblin comes into view. It is wielding a club.
Casting: Magic Dart
Confirm with . or Enter, or press ? or * to list all spells.
Aiming: Magic Dart
Press: ? - help, Shift-Dir - straight line, f - goblin
Aim: a goblin, wielding a club (resting)
The magic dart hits the goblin.
You kill the goblin!
You have reached level 4!
You feel stronger.
Casting: Magic Dart
Confirm with . or Enter, or press ? or * to list all spells.
You can't see any susceptible monsters within range! (Use Z to cast anyway.) Are you sure you want to abandon this character and quit the game? (Confirm with "yes".)

#.# . #.# )# #.# .# #.#
.# #.# .# ####.# .##
##.##.#### ..##
###........######...####
...............%@......+
###....###.##..##....###
#..#.# #.##..##..#.#
#.##.###.##..#...#.#
#........##........#
####.######.##.#%### #+#
#.# #.##.#.# #.# ## #.#
#......####### #.# .#
#.#
####.#.......###.####


There were no monsters in sight!

Vanquished Creatures
  A scorpion (D:1)
  3 bats (D:1)
  3 giant cockroaches (D:1)
  3 goblins (D:1)
  5 hobgoblins (D:1)
  4 jackals (D:1)
  A giant newt (D:1)
  7 kobolds (D:1)
  A rat (D:1)
28 creatures vanquished.

Notes
Turn   | Place    | Note
--------------------------------------------------------------
     0 | D:1      | Kellhus, the Gargoyle Wizard, began the quest for the Orb.
     0 | D:1      | Reached XP level 1. HP: 8/8 MP: 5/5
   355 | D:1      | Reached XP level 2. HP: 13/13 MP: 4/7
  1059 | D:1      | Reached XP level 3. HP: 13/17 MP: 1/9
  1278 | D:1      | Reached skill level 4 in Conjurations
  1480 | D:1      | Reached XP level 4. HP: 22/22 MP: 9/11
  1481 | D:1      | Quit the game

Action                   |  1- 3 |  4- 6 || total
-------------------------+-------+-------++-------
Melee: Unarmed           |    36 |       ||    36
 Cast: Magic Dart        |    79 |     1 ||    80
